 Dungeon Crawl Stone Soup version 0.28.0 (webtiles) character file.

Game seed: 6681401900591514804

2018 SnakkuSnakku7 the Cleaver (level 9, -1/81 HPs)
             Began as a Hill Orc Delver on Feb 6, 2022.
             Was an Initiate of Beogh.
             Slain by a fire elemental (9 damage)
             ... summoned by a deep elf pyromancer
             ... on level 7 of the Dungeon.
             The game lasted 00:10:38 (8294 turns).

SnakkuSnakku7 the Cleaver (Hill Orc Delver)         Turns: 8294, Time: 00:10:38

Health: -1/81      AC: 11    Str: 19    XL:     9   Next: 23%
Magic:  9/9        EV:  7    Int: 10    God:    Beogh [......]
Gold:   240        SH:  0    Dex: 12    Spells: 8/8 levels left

rFire   . . .      SeeInvis .   a - +0 hand axe
rCold   . . .      Faith    .   (no shield)
rNeg    . . .      Spirit   .   l - +0 chain mail
rPois   .          Reflect  .   r - +1 helmet
rElec   .          Harm     .   (no cloak)
rCorr   .          Rampage  .   (no gloves)
Will    .....                   k - +0 pair of boots
Stlth   ..........              (no amulet)
HPRegen 0.23/turn               (no ring)
MPRegen 0.11/turn               (no ring)

@: hasted, very quick
A: no striking features
a: Renounce Religion


You were on level 7 of the Dungeon.
You worshipped Beogh.
Beogh was noncommittal.
You visited 2 branches of the dungeon, and saw 8 of its levels.

You collected 240 gold pieces.

Inventory:

Hand Weapons
 a - a +0 hand axe (weapon)
Missiles
 h - 2 poisoned darts (quivered)
Armour
 b - a +0 leather armour
 k - a +0 pair of boots (worn)
 l - a +0 chain mail (worn)
 r - a +1 helmet (worn)
Jewellery
 p - a ring of ice
 q - a ring of willpower
Wands
 g - a wand of digging (3)
 x - a wand of flame (26)
Scrolls
 c - 2 scrolls of fog
 d - a scroll of magic mapping
 j - 2 scrolls of teleportation
 m - a scroll of holy word
 n - a scroll of enchant armour {unknown}
 o - a scroll of summoning
 t - a scroll of vulnerability
 u - a scroll of acquirement {unknown}
Potions
 f - 2 potions of haste
 i - 2 potions of curing
 v - a potion of mutation {unknown}
 w - a potion of cancellation {unknown}


   Skills:
 - Level 8.0 Fighting
 + Level 12.1 Axes
 - Level 4.0 Throwing
 - Level 1.5 Dodging
 - Level 4.1 Stealth


You had 8 spell levels left.
You didn't know any spells.
Your spell library contained the following spells:

 Spells                   Type           Power      Damage    Failure   Level
 Magic Dart               Conj           0%         1d3       99%         1
 Call Imp                 Summ           0%         N/A       100%        2
 Gell's Gravitas          Tloc           0%         N/A       100%        3
 Lesser Beckoning         Tloc           0%         N/A       100%        3
 Mephitic Cloud           Conj/Pois/Air  0%         N/A       100%        3
 Teleport Other           Tloc           0%         N/A       100%        3


Dungeon Overview and Level Annotations

Branches:
Dungeon (7/15)             Temple (1/1) D:4

Altars:


Message History

The sticky flame hits you but does no damage.
You are covered in liquid flames!
The fire elemental hits you. The fire elemental burns you!
* * * LOW HITPOINT WARNING * * *
You feel better.
You are covered in liquid flames!
* * * LOW HITPOINT WARNING * * *
The deep elf pyromancer hits you with a +0 long sword.
* * * LOW HITPOINT WARNING * * *
The fire elemental barely misses you.
You feel better.
You are covered in liquid flames!
* * * LOW HITPOINT WARNING * * *
You feel better.
You are covered in liquid flames!
* * * LOW HITPOINT WARNING * * *
The fire elemental closely misses you.
The deep elf pyromancer barely misses you.
You feel better.
You are covered in liquid flames!
* * * LOW HITPOINT WARNING * * *
The fire elemental hits you. The fire elemental burns you!
* * * LOW HITPOINT WARNING * * *
The deep elf pyromancer hits you with a +0 long sword.
* * * LOW HITPOINT WARNING * * *
As you read the scroll of fear, it crumbles to dust.
You assume a fearsome visage.
The deep elf pyromancer looks frightened!
The centaur looks frightened!
The fire elemental is unaffected. x2
You are covered in liquid flames!
* * * LOW HITPOINT WARNING * * *
The fire elemental hits you. The fire elemental burns you!
* * * LOW HITPOINT WARNING * * *
Okay, then.
You feel better.
You are covered in liquid flames!
The deep elf pyromancer gestures wildly while chanting.
The deep elf pyromancer blinks!
The fire elemental hits you. The fire elemental burns you!
You die...

##.######## #........# #.#
. #.######.# ..# .#
#.....##.# #.###.#
#.###.##.# ...... #
#.###.##.# #.... ##
#.#.#.##.# #..##
.###........#######c..####
.'.............E@§EE.[...+
.###.....##.#######e..####
## #.#.#.##.# ☼......# #
#.###.##.# #.#.#.#.#
####.###.##.# .. .....#
......##.##.# 8.. ..8..#
####..##.##.# c.. .$...#
#........# .... >...##
#####.##.####


You could see a deep elf pyromancer (fleeing), 3 fire elementals and a centaur
(fleeing).

Vanquished Creatures
  Sigmund (D:4)
  Eustachio (D:5)
  A steam dragon (D:4)
  Duvessa (D:4)
  An ice beast (D:4)
  3 ogres
  A sky beast (D:7)
  2 phantoms (D:6)
  2 bullfrogs
  A wyvern zombie (D:6)
  A gnoll sergeant (D:5)
  2 scorpions
  Dowan (D:4)
  A howler monkey (D:6)
  A centaur zombie (D:7)
  A centaur skeleton (D:5)
  Natasha (D:4)
  An iguana (D:2)
  3 orc wizards (D:6)
  Robin (D:3)
  9 gnolls
  2 adders (D:2)
  2 white imps
  An ufetubus (D:6)
  An adder zombie (D:5)
  4 worms
  2 dart slugs
  17 orcs
  5 endoplasms
  A giant cockroach (D:4)
  19 goblins
  11 hobgoblins
  12 jackals
  7 kobolds
  3 quokkas
  8 ball pythons
  4 bats
  A frilled lizard (D:1)
  5 rats
141 creatures vanquished.

Vanquished Creatures (others)
  An ice beast (D:6)
1 creature vanquished.

Grand Total: 142 creatures vanquished

Notes
Turn   | Place    | Note
-------+----------+-------------------------------------------
     0 | D:5      | SnakkuSnakku7 the Hill Orc Delver began the quest for the
                  | Orb.
     0 | D:5      | Reached XP level 1. HP: 19/19 MP: 1/1
    40 | D:5      | Reached skill level 3 in Axes
   249 | D:5      | Noticed an orc wizard
   249 | D:5      | Noticed an orc wizard
   326 | D:4      | Found a staircase to the Ecumenical Temple.
   335 | D:4      | Reached XP level 2. HP: 21/27 MP: 2/2
   497 | Temple   | Entered the Ecumenical Temple
   520 | D:4      | Noticed Sigmund
   854 | D:4      | Reached XP level 3. HP: 11/34 MP: 3/3
  1281 | D:1      | Reached skill level 4 in Axes
  1642 | D:1      | Reached skill level 1 in Throwing
  1830 | D:1      | Found a faded altar of an unknown god.
  1836 | D:1      | Reached XP level 4. HP: 41/41 MP: 4/4
  2443 | D:2      | Reached skill level 5 in Axes
  2630 | D:2      | Reached XP level 5. HP: 30/47 MP: 5/5
  3359 | D:3      | Noticed Robin
  3385 | D:3      | Killed Robin
  4156 | D:4      | Noticed an ice beast
  4268 | D:4      | You fall into a shaft and drop 2 floors!
  4484 | D:5      | Noticed an ogre
  4659 | D:6      | Reached XP level 6. HP: 34/53 MP: 6/6
  4790 | D:6      | Reached skill level 6 in Axes
  5062 | D:5      | Reached skill level 7 in Axes
  5062 | D:5      | Reached XP level 7. HP: 45/60 MP: 7/7
  5382 | D:5      | Noticed Eustachio
  5410 | D:4      | Noticed Dowan
  5415 | D:4      | Noticed Duvessa
  5428 | D:4      | Killed Dowan
  5429 | D:4      | Reached skill level 8 in Axes
  5445 | D:4      | Killed Duvessa
  5696 | D:4      | Noticed Natasha
  5702 | D:4      | Killed Natasha
  5703 | D:4      | Reached skill level 9 in Axes
  5755 | D:4      | Noticed a steam dragon
  5771 | D:4      | Killed a steam dragon
  5772 | D:4      | Reached skill level 5 in Fighting
  5772 | D:4      | Reached XP level 8. HP: 35/68 MP: 8/8
  6060 | D:4      | Killed Sigmund
  6083 | D:4      | Reached skill level 10 in Axes
  6507 | D:5      | Killed Eustachio
  7312 | D:6      | Became a worshipper of Beogh the Brigand
  7511 | D:6      | Reached skill level 11 in Axes
  7627 | D:6      | Reached XP level 9. HP: 55/81 MP: 9/9
  8152 | D:7      | Reached skill level 12 in Axes
  8270 | D:7      | Noticed a deep elf pyromancer
  8293 | D:7      | HP: 1/81 [fire elemental[a deep elf pyromancer] (7)]
  8294 | D:7      | Slain by a fire elemental

Illustrated notes

Levels and vault maps discovered:
D:1:      dpeg_arrival_houses_and_road, layout_loops_ring,
          ebering_ecumenical_altar_box
D:2:      layout_rooms
D:3:      layout_rooms, uniq_robin
D:4:      layout_basic, minmay_temple_entry_statues_pillars,
          corexii_checkpoint_a, dk_noncrumbling_4, minmay_misc_feat_columns,
          uniq_sigmund, uniq_duvessa, uniq_natasha
D:5:      layout_basic, uniq_eustachio
D:6:      layout_basic
D:7:      layout_loops_corners, st_stairs_1, minmay_starry_boxes
Temple:   mainiacjoe_temple_trianglar_array

Skill      XL: |  1  2  3  4  5  6  7  8  9 |
---------------+----------------------------+-----
Axes           | 3 4 5 7 9 11 12 | 12.1
Fighting       | 4 5 7 8 |  8.0
Throwing       | 1 2 3 4 |  4.0
Dodging        | |  1.5
Stealth        | |  4.1

Action                   |  1- 3 |  4- 6 |  7- 9 || total
-------------------------+-------+-------+-------++-------
Melee: Hand axe          |    96 |   248 |   278 ||   622
       Punch             |       |     1 |     4 ||     5
       Unarmed           |       |       |    14 ||    14
Throw: Dart              |     3 |    11 |    15 ||    29
Invok: Convert to Beogh  |       |       |     1 ||     1
Evoke: Wand              |       |       |     3 ||     3
  Use: Potion            |       |     1 |     6 ||     7
       Scroll            |       |       |     5 ||     5
 Stab: Sleeping          |     8 |       |       ||     8
Armor: Leather armour    |    13 |     6 |       ||    19
       Chain mail        |       |   177 |   139 ||   316
       Skin              |       |       |     2 ||     2
Dodge: Dodged            |    66 |   104 |    91 ||   261
